 Dungeon Crawl Stone Soup version 0.30-a0-912-ge10d75a369 (webtiles) character file.

Game seed: 12785894374890553204

48 Grim the Grave Robber (level 3, -2/19 HPs)
             Began as a Deep Elf Necromancer on Mar 19, 2023.
             Slain by Sigmund
             ... wielding a +0 scythe
              (11 damage)
             ... on level 2 of the Dungeon.
             The game lasted 00:03:10 (1625 turns).

Grim the Grave Robber (Deep Elf Necromancer)        Turns: 1625, Time: 00:03:11

Health: -2/19      AC:  3    Str:  5    XL:     3   Next: 50%
Magic:  5/9        EV: 12    Int: 25    God:
Gold:   86         SH:  0    Dex: 15    Spells: 4/8 levels left

rFire   . . .      SeeInvis .    j - +7 quarterstaff of the Philosopher {elec, Will+ Int+4}
rCold   . . .      Faith    .    (shield currently unavailable)
rNeg    . . .      Spirit   .    a - +0 robe
rPois   .          Reflect  .    (no helmet)
rElec   .          Rampage  .    e - +0 cloak
rCorr   .                        (no gloves)
Will    +....                    (no boots)
Stlth   ++                       (no amulet)
HPRegen 0.23/turn                (no ring)
MPRegen 0.11/turn                (no ring)

@: no status effects
A: no striking features
a: no special abilities


You were on level 2 of the Dungeon.
You visited 1 branch of the dungeon, and saw 2 of its levels.

You collected 86 gold pieces.

Inventory:

Hand Weapons
 h - a +0 dagger
 j - the +7 quarterstaff of the Philosopher (weapon) {elec, Will+ Int+4}
   (You found it on level 2 of the Dungeon)

   Int:       It affects your intelligence (+4).
   Will:      It increases your willpower.
Armour
 a - a +0 robe (worn)
 e - a +0 cloak (worn)
Scrolls
 c - a scroll of identify {unknown}
 f - a scroll of immolation {unknown}
 g - a scroll of teleportation {unknown}
 i - a scroll of poison {unknown}
 k - a scroll of magic mapping {unknown}
 m - a scroll of enchant weapon {unknown}
 n - a scroll of blinking {unknown}
Potions
 b - a potion of magic
 d - a potion of heal wounds {unknown}
 l - a potion of degeneration {unknown}


   Skills:
 - Level 1.4 Short Blades
 + Level 0.4 Staves
 + Level 2.6 Dodging
 - Level 2.4 Stealth
 - Level 3.0 Spellcasting
 * Level 5.8 Necromancy


You had 4 spell levels left.
You knew the following spells:

 Your Spells              Type           Power      Damage    Failure   Level
a - Necrotise             Necr           100%       1d9       1%          1
b - Vampiric Draining     Necr           32%        2d8       2%          3

Your spell library contained the following spells:

 Spells                   Type           Power      Damage    Failure   Level
 Animate Dead             Necr           32%        N/A       9%          4
 Freeze                   Ice            12%        1d3       10%         1
 Frozen Ramparts          Ice            6%         1d1       30%         3
 Hailstorm                Conj/Ice       3%         3d3       30%         3
 Agony                    Necr           32%        N/A       26%         5


Dungeon Overview and Level Annotations

Branches:
Dungeon (2/15)

Altars:

Annotations:
D:2 Sigmund


Message History

The dead are slithering!
You start resting.
Your adder skeleton crumbles into dust!
Magic restored.
Found an escape hatch in the floor.
There is an escape hatch in the floor here.
n - a scroll labelled FYHAGE ISELEGOACW Sigmund the Dreaded comes into view.
He is wielding a +0 scythe.
Okay, then.
Okay, then.
Sigmund shouts!
Aiming: Necrotise (safe; 1% risk of failure)
Press: ? - help, Q - select action Shift-Dir - straight line, f - Sigmund
Aim: Sigmund, wielding a +0 scythe and wearing a +0 robe (chance to affect: 88%) Sigmund barely resists.
A kobold comes into view. It is wielding a +0 dagger.
Aiming: Necrotise (safe; 1% risk of failure)
Press: ? - help, Q - select action Shift-Dir - straight line, f/p - Sigmund
Aim: Sigmund, wielding a +0 scythe and wearing a +0 robe (chance to affect: 88%) Sigmund barely resists.
The kobold shouts!
Aiming: Necrotise (safe; 1% risk of failure)
Press: ? - help, Q - select action Shift-Dir - straight line, f/p - Sigmund
Aim: Sigmund, wielding a +0 scythe and wearing a +0 robe (chance to affect: 88%) Sigmund writhes in agony!
Unknown command.
Aiming: Necrotise (safe; 1% risk of failure)
Press: ? - help, Q - select action Shift-Dir - straight line, f/p - Sigmund
Aim: Sigmund, wielding a +0 scythe and wearing a +0 robe (moderately wounded, chance to affect: 88%) Sigmund writhes in agony.
Sigmund hits you from afar with a +0 scythe!
Ouch! That really hurt!
* * * LOW HITPOINT WARNING * * *
Aiming: Necrotise (safe; 1% risk of failure)
Press: ? - help, Q - select action Shift-Dir - straight line, f/p - Sigmund
Aim: Sigmund, wielding a +0 scythe and wearing a +0 robe (heavily wounded, chance to affect: 88%) Sigmund writhes in agony.
Sigmund hits you from afar with a +0 scythe!
Ouch! That really hurt!
You die...

#>### #. #.# #. #.### #.
#.... #K ##### #. # #. #
#.#######################
#....K@.@................
#########################
# # #


You could see Sigmund and a kobold.

Vanquished Creatures
  2 adders (D:2)
  A dart slug (D:1)
  3 bats
  2 endoplasms
  3 giant cockroaches (D:1)
  4 goblins
  A hobgoblin (D:2)
  4 ball pythons
  2 frilled lizards
  4 kobolds
  A rat (D:2)
27 creatures vanquished.

Vanquished Creatures (others)
  A plant (D:1)
1 creature vanquished.

Grand Total: 28 creatures vanquished

Notes
Turn   | Place    | Note
-------+----------+-------------------------------------------
     0 | D:1      | Grim the Deep Elf Necromancer began the quest for the Orb.
     0 | D:1      | Reached XP level 1. HP: 10/10 MP: 6/6
    84 | D:1      | Reached skill level 5 in Necromancy
   382 | D:1      | Reached XP level 2. HP: 15/15 MP: 6/8
  1032 | D:1      | Reached skill level 1 in Short Blades
  1085 | D:2      | Reached XP level 3. HP: 19/19 MP: 6/9
  1090 | D:2      | Identified the +7 quarterstaff of the Philosopher {elec,
                  | Will+ Int+4}
  1477 | D:2      | Learned a level 3 spell: Vampiric Draining
  1608 | D:2      | Noticed Sigmund
  1625 | D:2      | Slain by Sigmund

Illustrated notes

Levels and vault maps discovered:
D:1:      sevenhm_arrival_forest_fort_small_5, layout_loops_ring, serial_bayou,
          serial_bayou_pond_c, serial_bayou_shore_b, serial_bayou_shore_a,
          serial_bayou_lagoon_a, minmay_misc_feat_more_columns
D:2:      layout_basic, serial_shops, nicolae_square_shop,
          minmay_misc_feat_diagonals, uniq_robin, uniq_sigmund

Skill      XL: |  1  2 |
---------------+-------+-----
Necromancy     | 5 |  5.8
Short Blades   | 1 |  1.4
Staves         | |  0.4
Dodging        | |  2.6
Stealth        | |  2.4
Spellcasting   | |  3.0

Action                     || total
---------------------------++-------
  Melee: Dagger            ||     2
         Quarterstaff      ||    12
   Cast: Necrotise         ||    40
   Stab: Sleeping          ||     4
 Armour: Robe              ||     4
  Dodge: Dodged            ||    10

Table legend: (Time is in decaauts)
 A = Elapsed time spent in this place.
 B = Non-inter-level travel time spent in this place.
 C = Inter-level travel time spent in this place.
 D = Time resting spent in this place.
 E = Time spent auto-exploring this place.
 F = Levels seen in this place.
 G = Mean time per level.
                   A        B        C        D        E       F      G
               +--------+--------+--------+--------+--------+-----+--------+
         Total |   1657 |   1636 |     21 |    326 |   1081 |   2 |  828.5 |
       Dungeon |   1657 |   1636 |     21 |    326 |   1081 |   2 |  828.5 |
               +--------+--------+--------+--------+--------+-----+--------+

Top non-repeatable levels by time:
     D:1: 1103 daAuts
     D:2: 553 daAuts
